Map: Arctic Dream LE

Players

Utgoer

  • Race: Protoss Protoss
  • Spawn Location: 12:00

Jebediah

  • Race: Terran Terran
  • Spawn Location: 11:00

qqq - Winner!

  • Race: Zerg Zerg
  • Spawn Location: 6:00

Massa - Winner!

  • Race: Terran Terran
  • League: Platinum
  • Spawn Location: 5:00

VOD

Have the link to the VOD?

Description

Time

  • Played on: Oct. 10, 2020, 3:51 p.m.
  • Length: 21:51
Show
View Real Time Build Order
Export as new Build Order

Utgoer Protoss 

Build Orders:  

Get SALT Encoding   

  12  0:00  Probe  
  13  0:17  Pylon  
  13  0:18  Probe  
  14  0:36  Gateway  
  14  0:38  Probe (Chrono Boost)  
  15  0:46  Assimilator  
  16  0:50  Probe (Chrono Boost)  
  16  1:04  Gateway  
  16  1:08  Probe (Chrono Boost)  
  17  1:20  Probe (Chrono Boost)  
  17  1:25  Zealot  
  20  1:29  Probe  
  21  1:35  Pylon  
  21  1:38  Cybernetics Core  
  21  1:41  Probe  
  22  1:51  Assimilator  
  22  1:54  Zealot  
  24  2:24  Warp Gate  
  24  2:33  Probe (Chrono Boost)  
  24  2:36  Nexus  
  25  2:41  Stalker  
  27  2:54  Probe  
  27  2:57  Pylon  
  28  3:07  Probe (Chrono Boost)  
  28  3:09  Forge  
  29  3:19  Probe (Chrono Boost)  
  30  3:27  Probe (Chrono Boost)  
  30  3:30  Robotics Facility  
  31  3:40  Probe  
  32  3:46  Protoss Ground Weapons Level 1  
  32  3:50  Probe  
  32  3:52  Probe  
  34  4:14  Twilight Council  
  34  4:21  Observer  
  35  4:24  Probe x2  
  35  4:26  Stalker x2  
  41  4:37  Pylon  
  41  4:47  Gateway  
  41  4:48  Gateway  
  41  4:53  Gateway  
  41  4:55  Gateway  
  41  5:04  Stalker x2  
  33  5:29  Stalker x2  
  37  5:36  Robotics Bay  
  37  5:37  Probe x2  
  39  5:44  Assimilator  
  39  5:46  Assimilator  
  39  5:49  Probe x2  
  41  5:51  Pylon  
  41  5:55  Pylon, Warp Prism, Protoss Ground Armor Level 1  
  43  6:01  Probe  
  33  6:18  Stalker  
  33  6:19  Stalker  
  33  6:22  Probe (Chrono Boost)  
  39  6:27  Probe (Chrono Boost)  
  39  6:35  Pylon  
  39  6:39  Photon Cannon  
  39  6:49  Extended Thermal Lance  
  39  6:51  Forge  
  39  6:57  Probe x2  
  39  7:00  Colossus (Chrono Boost)  
  47  7:13  Charge  
  47  7:22  Probe (Chrono Boost)  
  49  7:27  Probe (Chrono Boost)  
  49  7:34  Probe (Chrono Boost)  
  49  8:02  Stalker x2  
  49  8:03  Stalker x4  
  55  8:18  Probe  
  56  8:27  Protoss Ground Weapons Level 2 (Chrono Boost)  
  56  8:39  Photon Cannon, Protoss Ground Armor Level 2 (Chrono Boost)  
  56  8:40  Probe (Chrono Boost)  
  57  8:54  Probe (Chrono Boost)  
  59  8:56  Probe (Chrono Boost), Colossus  
  59  9:00  Probe (Chrono Boost)  
  66  9:05  Probe (Chrono Boost)  
  67  9:17  Nexus  
  67  9:29  Pylon  
  67  9:31  Stalker  
  67  9:32  Stalker x2  
  73  9:39  Blink  
  73  9:54  Zealot x4  
  81  10:03  Colossus  
  81  10:06  Probe  
  88  10:31  Zealot x4  
  88  10:32  Zealot x2  
  88  10:34  Probe x2  
  102  10:46  Probe  
  103  10:51  Probe  
  104  10:58  Probe, Shield Battery  
  104  11:00  Shield Battery  
  104  11:04  Shield Battery  
  105  11:07  Pylon  
  105  11:11  Photon Cannon  
  105  11:14  Photon Cannon  
  105  11:17  Pylon  
  105  11:34  Stalker x2  
  105  11:35  Stalker x3  
  115  11:44  Probe x2  
  117  11:48  Probe  
  117  11:53  Colossus  
  124  11:56  Probe  
  125  12:02  Pylon  
  125  12:06  Pylon  
  125  12:11  Pylon  
  125  12:23  Protoss Ground Armor Level 3 (Chrono Boost)  
  125  12:28  Protoss Ground Weapons Level 3 (Chrono Boost)  
  103  12:51  Stalker x3  
  103  12:52  Stalker x3  
  114  13:04  Probe  
  114  13:05  Probe x2  
  117  13:10  Assimilator  
  117  13:14  Assimilator  
  117  13:17  Colossus  
  123  13:20  Photon Cannon  
  123  13:23  Photon Cannon  
  123  13:27  Photon Cannon  
  117  13:37  Nexus  
  67  13:48  Stalker x2  
  67  13:49  Stalker x4  
  69  14:03  Stalker x2  
  73  14:12  Stalker x4  
  81  14:22  Probe x2  
  81  14:23  Probe  
  84  14:31  Colossus  
  84  14:33  Gateway  
  84  14:34  Probe x2  
  84  14:37  Gateway  
  92  14:39  Gateway  
  92  14:47  Probe  
  92  14:48  Probe x2  
  92  14:50  Robotics Facility  
  95  14:57  Pylon  
  95  15:00  Assimilator  
  95  15:03  Zealot  
  95  15:04  Zealot x5, Assimilator  
  107  15:11  Protoss Shields Level 1 (Chrono Boost)  
  107  15:26  Observer  
  108  15:31  Protoss Air Weapons Level 1  
  108  15:35  Gravitic Drive  
  108  15:42  Colossus  
  114  15:46  Colossus  
  114  15:47  Probe x3  
  123  16:01  Zealot x2  
  123  16:02  Zealot x6  
  123  16:03  Zealot  
  127  16:34  Probe x3  
  130  16:46  Stalker x5  
  105  16:47  Stalker  
  71  17:03  Zealot  
  71  17:04  Zealot x2  
  60  17:14  Stalker x3  
  60  17:15  Stalker  
  58  17:17  Probe  
  58  17:18  Probe  
  53  17:44  Probe x2  
  55  17:56  Probe x2  
  57  18:02  Observer  
  57  18:04  Dark Shrine  
  58  18:09  Disruptor  
  59  18:13  Stalker x3  
  59  18:14  Stalker x3  
  71  18:35  Nexus  
  71  18:36  Zealot  
  71  18:37  Zealot x4  
  81  18:45  Colossus  
  87  19:00  Stalker x3  
  89  19:38  Disruptor x2  
  95  19:48  Probe x2  
  97  19:54  Pylon  
  97  19:58  Pylon  
  97  20:00  Probe  
  97  20:02  Zealot  
  97  20:04  Assimilator  
  99  20:29  Observer  
  62  20:50  Observer  
Show
View Real Time Build Order
Export as new Build Order

Jebediah Terran 

Build Orders: Reaper Expand 

Get SALT Encoding   

  12  0:00  SCV  
  13  0:12  SCV  
  14  0:17  Supply Depot  
  14  0:24  SCV  
  15  0:39  SCV  
  15  0:41  Barracks  
  16  0:45  Refinery  
  16  0:51  SCV  
  17  1:03  SCV  
  18  1:15  SCV  
  19  1:29  Reaper  
  21  1:34  Orbital Command  
  20  1:44  Command Center  
  20  2:06  SCV  
  20  2:08  Barracks Reactor  
  20  2:11  Barracks  
  20  2:13  Refinery  
  20  2:18  SCV  
  21  2:25  Factory  
  21  2:33  SCV  
  21  2:36  Supply Depot  
  22  2:45  SCV  
  23  2:56  Marine x2  
  25  3:03  Barracks Tech Lab  
  25  3:07  SCV  
  25  3:12  Factory Reactor  
  26  3:13  Marine x2  
  26  3:16  Starport  
  28  3:23  Orbital Command  
  28  3:26  SCV  
  29  3:31  Marine x2, Stimpack  
  31  3:36  Marine  
  32  3:47  SCV  
  33  3:56  SCV  
  33  3:57  Marine x3  
  33  3:59  SCV  
  38  4:05  Medivac x2  
  38  4:06  Factory Tech Lab  
  38  4:09  SCV  
  43  4:14  Marine  
  43  4:15  Marine  
  45  4:17  Marine, Supply Depot  
  46  4:32  Engineering Bay x2  
  46  4:38  Marine  
  46  4:39  SCV x2, Siege Tank  
  46  4:40  Marine x2  
  53  4:51  SCV  
  54  4:57  Supply Depot x2  
  54  5:18  Marine x3  
  57  5:29  SCV  
  57  5:30  Terran Infantry Armor Level 1, Terran Infantry Weapons Level 1  
  57  5:32  Missile Turret  
  57  5:34  Missile Turret  
  58  5:36  Marine x3  
  58  5:39  SCV  
  58  5:41  SCV  
  63  5:43  Refinery, Combat Shield  
  63  5:44  Refinery  
  63  5:53  Missile Turret  
  63  5:54  Marine x2, Missile Turret  
  63  5:56  Siege Tank  
  68  5:57  SCV  
  69  6:06  Supply Depot  
  53  6:40  Command Center  
  53  6:41  Barracks  
  53  6:43  SCV x2, Barracks  
  53  6:44  Armory  
  53  6:46  Siege Tank  
  58  6:48  Medivac x2  
  62  6:55  SCV  
  62  6:59  SCV  
  64  7:07  Concussive Shells  
  64  7:14  SCV x2  
  66  7:19  Supply Depot  
  66  7:21  Supply Depot  
  66  7:27  Supply Depot  
  66  7:31  Terran Infantry Armor Level 2, Terran Infantry Weapons Level 2  
  66  7:34  Siege Tank  
  66  7:35  Barracks Reactor, Barracks Tech Lab  
  69  7:37  SCV x2  
  69  7:42  Supply Depot  
  71  7:44  Supply Depot  
  71  7:46  Marine x2  
  71  7:47  Marauder  
  75  8:02  Marauder  
  75  8:03  Medivac x2  
  75  8:04  SCV x2, Marine x2  
  85  8:13  Planetary Fortress  
  85  8:21  Marauder, Marine x2  
  85  8:22  Marine  
  90  8:36  Marauder, Marine  
  90  8:39  Marine x2  
  90  8:40  Siege Tank  
  98  8:41  SCV x2  
  98  8:42  Marine  
  98  8:43  Marauder  
  103  8:54  SCV x2, Marine  
  105  8:56  Marine  
  105  8:57  Marauder  
  105  9:02  Refinery  
  108  9:04  Refinery, Marauder  
  108  9:06  Marine x2  
  112  9:19  Marauder  
  112  9:20  Missile Turret  
  112  9:22  Terran Vehicle Weapons Level 1  
  114  9:25  Marauder  
  114  9:27  Missile Turret  
  114  9:29  SCV x2  
  114  9:30  Marine x2  
  120  9:32  Missile Turret, Siege Tank  
  123  9:40  Marauder  
  123  9:43  SCV x2  
  127  9:47  Marauder  
  127  9:51  SCV  
  130  9:54  Terran Infantry Weapons Level 3  
  130  9:55  SCV, Terran Infantry Armor Level 3  
  130  9:56  Marine  
  132  10:13  Marauder  
  133  10:21  Supply Depot  
  133  10:22  Supply Depot x2  
  133  10:23  Supply Depot  
  133  10:42  SCV x2, Marine x2  
  141  10:43  Marauder x2, Marine  
  141  10:44  Supply Depot  
  141  10:45  Supply Depot  
  141  10:46  Marine  
  141  10:47  Supply Depot  
  141  10:48  Command Center  
  143  11:00  Marine x2  
  143  11:01  Marine  
  150  11:04  SCV x2, Marauder x2  
  152  11:12  Sensor Tower  
  152  11:13  Missile Turret  
  143  11:25  Marauder  
  135  11:45  Marine x5  
  135  11:46  Marine  
  135  11:47  Siege Tank  
  138  11:59  Terran Vehicle Weapons Level 2  
  138  12:02  Marine  
  138  12:03  Marine x4  
  138  12:04  Marine  
  132  12:19  Thor  
  132  12:20  Marine x3  
  132  12:21  Marauder, Marine  
  132  12:22  Marine  
  138  12:37  Barracks x2  
  138  12:38  Marine x4  
  138  12:40  Barracks, Marauder  
  138  12:42  Marine  
  145  12:46  SCV x2  
  145  12:49  Planetary Fortress  
  147  12:56  Marine x4  
  151  13:01  Marauder, Marine  
  151  13:02  Siege Tank  
  157  13:14  Marine x3  
  130  14:04  Marauder, Marine x4  
  130  14:05  Marine x4  
  124  14:17  Medivac x2  
  124  14:21  SCV  
  124  14:23  Refinery  
  129  14:30  Marine x2  
  129  14:31  Marauder, Marine x5  
  125  14:32  Marine  
  125  14:33  Siege Tank  
  133  14:42  Factory  
  133  14:47  Medivac x2  
  133  14:48  Marine x3  
  133  14:49  Marine  
  133  14:50  Marauder, Command Center  
  144  14:56  Barracks Tech Lab  
  144  14:57  Barracks Reactor  
  143  15:05  Siege Tank  
  146  15:08  SCV  
  146  15:13  SCV x2  
  149  15:16  Barracks Reactor  
  149  15:17  Viking x2  
  150  15:48  Marauder, Marine x5  
  150  15:49  Marine  
  150  15:50  Marine x2  
  150  15:54  Marine x2  
  138  16:06  Marine x2  
  138  16:09  Marauder x2  
  141  16:13  Marine  
  141  16:14  Marauder, Marine x5  
  141  16:16  Siege Tank  
  149  16:23  Marine  
  149  16:24  Marine  
  151  16:29  Marine x2  
  151  16:31  Marine x2  
  155  16:40  Marine x2  
  155  16:41  Marauder, Marine x4  
  155  16:43  Medivac x2  
  167  16:47  Marine x2  
  167  16:48  Siege Tank  
  167  16:49  Marine x2  
  163  17:12  Medivac  
  128  17:45  Marine  
  128  17:46  Marauder, Marine x6  
  128  17:47  Marine x2  
  128  17:50  Siege Tank  
  130  18:04  Marauder, Marine x4  
  130  18:05  Marine x5  
  136  18:13  Medivac x2  
  140  18:21  Planetary Fortress  
  140  18:22  Siege Tank  
  140  18:24  Marauder, Marine x5  
  149  18:34  Marauder, Marine x3  
  154  18:43  SCV x2, Medivac x2  
  160  18:49  Marine x2  
  160  18:50  Marauder, Marine x4  
  160  18:52  Factory Tech Lab, Marine x3  
  160  18:54  Siege Tank  
  174  19:12  Marauder, Marine x3  
  174  19:13  Marauder x2, Marine x3, Medivac  
  188  19:22  Marine x2  
  187  19:30  Marine x4  
  191  19:31  Marine x2  
  191  19:34  Marauder x2  
  191  19:35  Marauder  
  199  19:40  Marine  
  189  19:53  Marine x3  
  189  19:55  Marauder  
  170  20:05  Marauder, Marine x3  
  170  20:06  Marauder, Marine x2  
  159  20:08  Medivac x2, Siege Tank  
  159  20:10  Marine x3  
  169  20:16  Marine  
  169  20:20  Siege Tank  
  173  20:23  Marine x3  
  173  20:24  Marine x2  
  173  20:27  Marauder, Marine  
  181  20:28  Marine x3  
  181  20:34  Marine  
  181  20:35  Command Center  
  185  20:41  Marine x4  
  189  21:11  Marine x3  
  189  21:12  Marine  
  189  21:13  Marauder  
  189  21:14  Marauder  
  151  21:18  Marine x2  
  151  21:19  Marauder  
  151  21:20  Marine x2  
  153  21:29  Marine x3  
  153  21:30  Marine  
Show
View Real Time Build Order
Export as new Build Order

qqq Zerg - Winner!

Build Orders: Hatch First 

Get SALT Encoding   

  12  0:01  Drone  
  13  0:10  Drone  
  14  0:52  Hatchery  
  14  0:53  Spawning Pool  
  12  1:05  Drone  
  12  1:06  Overlord  
  12  1:08  Drone  
  12  1:10  Extractor  
  13  1:16  Drone  
  14  1:36  Drone  
  14  1:38  Drone  
  16  1:40  Queen  
  18  1:48  Drone  
  19  2:11  Queen  
  19  2:15  Drone  
  22  2:17  Drone x2  
  24  2:24  Drone  
  24  2:25  Drone  
  24  2:28  Metabolic Boost  
  26  2:34  Overlord  
  26  2:38  Drone  
  27  2:49  Zergling x2  
  28  2:53  Overlord  
  28  2:55  Drone x2  
  28  2:56  Zergling x2  
  31  3:09  Zergling x4  
  31  3:10  Drone x2  
  35  3:26  Drone  
  36  3:31  Lair  
  36  3:39  Zergling x2  
  36  3:40  Drone, Zergling x2  
  36  3:41  Zergling x2  
  40  3:43  Drone  
  40  3:45  Hatchery, Drone  
  41  3:57  Zergling x4  
  41  3:58  Overlord  
  41  4:00  Zergling x2  
  44  4:18  Drone, Zergling x2  
  44  4:20  Drone x3  
  49  4:24  Zergling x4  
  49  4:25  Zergling x2  
  51  4:48  Drone  
  51  4:49  Overlord  
  51  4:50  Overlord x3  
  49  5:13  Zergling x4  
  49  5:14  Drone x4  
  49  5:15  Zergling x8  
  49  5:16  Hatchery  
  47  5:30  Zergling x4  
  47  5:31  Zergling x2  
  47  5:33  Drone x2  
  52  5:36  Extractor  
  52  5:37  Extractor  
  52  5:40  Extractor  
  49  5:43  Hydralisk Den  
  49  5:44  Drone  
  49  5:45  Drone x2  
  49  5:46  Drone x3  
  54  6:01  Drone x3, Zergling x2  
  58  6:10  Drone x4  
  62  6:17  Muscular Augments  
  63  6:18  Zergling x4  
  63  6:20  Hatchery  
  63  6:28  Drone x2, Spire  
  63  6:32  Drone  
  65  6:33  Drone x3, Evolution Chamber  
  67  6:45  Evolution Chamber  
  66  6:47  Drone  
  66  6:50  Hydralisk x5  
  66  6:51  Hydralisk  
  66  6:52  Hydralisk  
  66  6:53  Lurker Den  
  80  6:54  Drone x3  
  80  6:56  Overlord  
  80  6:59  Queen  
  80  7:01  Drone  
  86  7:08  Drone x2  
  88  7:09  Hydralisk x3  
  94  7:19  Hydralisk  
  94  7:20  Hydralisk x2  
  101  7:22  Drone  
  101  7:23  Drone x2  
  101  7:27  Drone  
  101  7:28  Grooved Spines  
  104  7:33  Zerg Missile Weapons Level 1  
  104  7:40  Zerg Melee Weapons Level 1, Zergling x6  
  104  7:41  Zergling x6  
  104  7:42  Overlord x3  
  104  7:43  Overlord  
  101  8:11  Zergling x2  
  101  8:12  Mutalisk x3, Zergling x6  
  106  8:14  Zergling x8  
  106  8:16  Drone x4  
  106  8:17  Drone x5  
  119  8:20  Extractor  
  119  8:22  Extractor  
  119  8:24  Lurker  
  119  8:25  Lurker  
  119  8:27  Drone  
  119  8:28  Drone  
  119  8:31  Spore Crawler  
  120  8:34  Spine Crawler  
  120  8:35  Drone  
  120  8:37  Spore Crawler  
  120  8:40  Hydralisk  
  121  8:41  Zergling x4  
  121  8:42  Zergling x8  
  121  8:47  Overlord  
  127  8:48  Hatchery  
  121  9:21  Hydralisk  
  121  9:22  Hydralisk x5  
  133  9:25  Drone x4  
  133  9:26  Drone x5  
  142  9:33  Zerg Missile Weapons Level 2  
  142  9:35  Zerg Ground Armor Level 1, Infestation Pit  
  142  9:36  Zergling x2  
  142  9:38  Overlord  
  142  9:39  Overlord x5  
  142  9:40  Overlord x2  
  142  10:20  Mutalisk x5  
  152  10:22  Drone x5  
  152  10:23  Drone x7  
  164  10:33  Hydralisk x3  
  171  10:35  Drone x2  
  171  10:36  Drone x2  
  174  10:43  Extractor  
  174  10:45  Extractor  
  172  10:55  Extractor  
  171  10:57  Extractor  
  171  10:58  Spore Crawler  
  171  10:59  Hatchery  
  171  11:00  Drone x2, Spine Crawler  
  171  11:01  Hatchery  
  171  11:02  Drone  
  169  11:05  Hydralisk x4, Hive  
  169  11:06  Hatchery, Hydralisk x2  
  169  11:09  Zergling x6  
  149  11:18  Hydralisk x2  
  149  11:19  Hydralisk  
  149  11:23  Zergling x6  
  149  11:24  Zergling x14  
  149  11:25  Zergling x2  
  132  11:47  Hydralisk  
  132  11:48  Hydralisk x5  
  132  11:50  Drone x2, Zergling x8  
  132  11:51  Zergling x2  
  151  11:54  Hydralisk x5  
  151  12:01  Zerg Melee Weapons Level 2  
  161  12:03  Zergling x2  
  161  12:04  Zergling x10  
  163  12:10  Hatchery x2  
  121  12:16  Hydralisk x3  
  121  12:17  Hydralisk x2  
  113  12:27  Hydralisk x4  
  118  12:35  Hydralisk x3  
  97  12:53  Greater Spire  
  97  12:56  Hydralisk x3  
  97  12:57  Hydralisk  
  99  13:02  Zergling x10  
  104  13:13  Zergling x6  
  104  13:17  Ultralisk Cavern  
  106  13:24  Mutalisk x2  
  77  13:48  Hydralisk  
  77  13:49  Hydralisk x4  
  77  13:50  Corruptor x2  
  77  13:52  Zergling x10  
  90  14:16  Ultralisk x2  
  102  14:17  Zergling x4  
  102  14:21  Hatchery  
  103  14:28  Hatchery x2  
  103  14:31  Hatchery, Ultralisk  
  103  14:33  Hatchery  
  103  14:46  Corruptor x2  
  103  14:47  Corruptor  
  109  14:58  Brood Lord  
  111  15:03  Brood Lord  
  113  15:12  Drone x3  
  116  15:19  Anabolic Synthesis  
  122  15:28  Ultralisk  
  122  15:30  Zergling x10  
  122  15:31  Zergling x2  
  122  15:34  Corruptor  
  130  15:42  Drone x3  
  112  16:07  Ultralisk x2  
  112  16:08  Zergling x10  
  89  16:24  Ultralisk  
  94  16:26  Zergling x6  
  92  16:44  Ultralisk  
  92  16:45  Zergling x8  
  101  16:52  Hydralisk  
  103  16:56  Brood Lord  
  87  17:09  Drone x7  
  87  17:10  Drone  
  95  17:16  Drone  
  95  17:18  Drone  
  95  17:19  Drone  
  95  17:20  Drone  
  96  17:30  Hydralisk x2  
  96  17:32  Drone  
  96  17:33  Drone  
  102  17:38  Chitinous Plating  
  102  17:48  Hydralisk x2  
  102  17:50  Corruptor  
  108  18:15  Drone x7  
  108  18:16  Drone x2  
  108  18:18  Hydralisk, Ultralisk  
  125  18:26  Drone  
  127  18:27  Drone x2  
  128  18:38  Queen  
  130  18:44  Zerg Melee Weapons Level 3  
  130  18:49  Corruptor  
  130  18:50  Corruptor  
  134  18:56  Drone x3  
  134  18:57  Drone  
  138  19:05  Extractor x2  
  138  19:06  Spine Crawler  
  138  19:08  Spine Crawler  
  134  19:11  Extractor  
  133  19:25  Hatchery  
  133  19:26  Extractor x2  
  133  19:28  Zergling x4, Ultralisk  
  114  19:56  Ultralisk  
  114  19:57  Zergling x2, Ultralisk  
  114  19:58  Zergling x8  
  117  20:14  Drone x6  
  120  20:15  Drone, Spire  
  123  20:22  Drone  
  123  20:23  Drone  
  125  20:33  Drone x3  
  134  20:35  Ultralisk  
  134  20:38  Ultralisk  
  134  20:42  Drone x2  
  142  20:43  Drone  
  143  21:09  Hatchery, Zergling x10  
  143  21:10  Zergling x6  
  143  21:11  Drone x2  
  152  21:16  Hatchery  
Show
View Real Time Build Order
Export as new Build Order

Massa Terran - Winner!

Build Orders:  

Get SALT Encoding   

  12  0:01  SCV  
  13  0:13  SCV  
  14  0:17  Supply Depot  
  14  0:25  SCV  
  15  0:39  SCV  
  15  0:40  Barracks  
  16  0:51  SCV  
  17  1:03  SCV  
  18  1:06  Refinery  
  18  1:09  Refinery  
  18  1:15  SCV  
  19  1:27  SCV  
  19  1:29  Marine  
  21  1:39  Orbital Command  
  21  1:50  Reaper  
  22  1:54  Command Center  
  22  2:06  SCV  
  23  2:13  Factory  
  23  2:19  Supply Depot  
  23  2:31  Barracks Reactor  
  23  2:41  SCV  
  24  2:53  SCV  
  25  3:03  Widow Mine  
  27  3:07  Starport  
  27  3:09  Marine x2  
  29  3:15  Orbital Command  
  29  3:16  SCV  
  30  3:25  Widow Mine, Barracks  
  30  3:26  Marine  
  30  3:27  Marine  
  32  3:28  SCV, Engineering Bay  
  35  3:34  Supply Depot  
  35  3:41  SCV  
  36  3:44  Marine x2  
  38  3:53  SCV, Medivac  
  41  4:00  Factory Tech Lab  
  41  4:02  SCV, Marine x2  
  43  4:05  SCV  
  45  4:15  SCV  
  46  4:17  SCV  
  46  4:22  Liberator  
  50  4:26  Supply Depot  
  50  4:29  Missile Turret  
  50  4:32  Missile Turret  
  50  4:33  SCV x2  
  50  4:35  Marine x2  
  54  4:48  SCV x2  
  54  4:49  Supply Depot  
  54  4:50  Supply Depot  
  56  4:54  Barracks Tech Lab  
  56  4:55  Marine  
  56  4:56  Marine, Supply Depot  
  56  4:59  Siege Tank  
  61  5:00  SCV  
  61  5:05  Supply Depot  
  62  5:11  SCV  
  62  5:12  SCV  
  64  5:22  Marauder  
  64  5:23  SCV, Stimpack  
  64  5:24  SCV  
  68  5:31  Refinery  
  68  5:33  Refinery  
  68  5:35  SCV  
  69  5:36  SCV  
  69  5:41  Barracks  
  70  5:47  SCV  
  70  5:48  SCV  
  61  6:43  Barracks Reactor  
  61  6:45  Marauder, Marine x2  
  65  6:48  Liberator  
  65  6:53  Missile Turret  
  68  6:59  Sensor Tower  
  68  7:03  Marine x2  
  68  7:04  Siege Tank  
  68  7:06  Marauder  
  75  7:10  Command Center  
  75  7:13  Missile Turret  
  75  7:19  Missile Turret  
  75  7:21  Marine x2, Supply Depot  
  75  7:22  SCV, Supply Depot  
  78  7:23  SCV  
  78  7:24  Supply Depot  
  78  7:27  Marauder  
  81  7:35  SCV x2  
  83  7:38  Marine  
  83  7:39  Marine  
  85  7:47  SCV x2  
  85  7:49  Marauder  
  89  7:58  Marine x2, Siege Tank  
  91  8:00  Combat Shield  
  94  8:08  Barracks x2  
  94  8:10  Marauder  
  94  8:11  Marine x2  
  98  8:15  Marine x2  
  99  8:21  Medivac  
  101  8:32  Marauder  
  103  8:35  Orbital Command  
  103  8:36  SCV x2  
  106  8:48  SCV x2  
  106  8:51  Medivac  
  106  8:53  Marauder  
  111  8:57  Barracks Reactor, Barracks Tech Lab  
  111  9:00  SCV  
  112  9:04  Terran Infantry Armor Level 1  
  112  9:06  Starport  
  112  9:10  Engineering Bay  
  112  9:14  Marauder  
  112  9:15  Armory  
  114  9:18  Armory  
  114  9:24  Refinery  
  114  9:25  SCV x3  
  114  9:26  Refinery  
  114  9:31  Concussive Shells  
  117  9:33  Command Center  
  117  9:37  SCV x3  
  120  9:49  SCV  
  121  10:03  Missile Turret x2  
  121  10:06  Missile Turret  
  121  10:11  Sensor Tower  
  121  10:16  SCV  
  121  10:17  SCV x2  
  121  10:20  Terran Vehicle And Ship Armor Level 1, Terran Vehicle Weapons Level 1  
  124  10:24  Terran Infantry Weapons Level 1  
  124  10:25  Missile Turret  
  124  10:28  SCV, Missile Turret  
  124  10:29  SCV x2, Starport Reactor  
  124  10:31  Starport Tech Lab  
  127  10:38  Marauder x2, Marine  
  127  10:39  Marine  
  133  10:45  SCV x3, Marine x4  
  133  10:47  Supply Depot  
  133  10:48  Orbital Command  
  133  10:49  Supply Depot  
  140  10:51  Supply Depot  
  140  10:55  Missile Turret  
  140  10:56  Marine, Missile Turret  
  140  10:57  SCV x3, Marine  
  141  10:59  Marauder  
  141  11:02  Marine  
  148  11:08  Marine x3, Siege Tank  
  148  11:09  Marauder  
  148  11:10  SCV x3  
  159  11:12  Supply Depot  
  159  11:13  Supply Depot  
  159  11:14  Marine  
  159  11:15  Supply Depot x3  
  159  11:17  Supply Depot  
  160  11:19  Missile Turret  
  160  11:20  Marauder, Missile Turret  
  160  11:22  SCV x3  
  165  11:30  Marauder  
  117  11:40  Marine x6  
  117  11:42  Marauder  
  117  11:43  Missile Turret, Siege Tank  
  128  11:49  Viking  
  128  11:50  Viking  
  128  11:51  Marauder  
  128  11:54  Medivac  
  136  11:58  Marine x6  
  142  12:03  Refinery, Marauder  
  142  12:04  Refinery  
  144  12:10  Command Center  
  144  12:13  Marauder  
  144  12:15  Marine, Siege Tank  
  149  12:16  Factory, Marine x2  
  149  12:18  Marine x2  
  149  12:19  Factory, Marine, Viking  
  157  12:24  Medivac  
  157  12:25  Marauder  
  157  12:26  Viking  
  163  12:30  SCV x3  
  163  12:31  SCV  
  163  12:33  Marine  
  163  12:34  Marauder, Marine x2  
  172  12:42  SCV x2  
  165  12:46  Marauder  
  165  12:47  Siege Tank  
  165  12:53  Medivac  
  165  12:56  Marauder  
  167  13:04  Marine x6  
  173  13:07  Marauder  
  175  13:17  Marauder  
  175  13:19  Siege Tank  
  180  13:22  Marine x6  
  186  13:29  Marauder  
  184  13:38  Marauder  
  184  13:39  Marine  
  184  13:40  Marine x5  
  159  13:50  Marauder  
  161  13:57  Marine  
  161  13:58  Marine x5  
  161  14:00  Marauder  
  169  14:12  Marauder  
  169  14:13  Viking x3  
  177  14:21  Marauder  
  164  14:33  Marauder  
  166  14:42  Planetary Fortress  
  166  14:43  SCV x3, Viking x2  
  166  14:44  SCV  
  174  14:54  Marauder x2  
  174  14:55  SCV x2, Marine x6  
  174  14:56  SCV x2  
  174  14:59  Factory Tech Lab x2  
  188  15:01  Thor  
  188  15:03  Terran Infantry Armor Level 2  
  188  15:05  Terran Vehicle And Ship Armor Level 2, Terran Infantry Weapons Level 2  
  194  15:07  SCV  
  194  15:08  SCV x3, Terran Vehicle Weapons Level 2  
  194  15:13  Marine x2  
  200  15:39  Command Center  
  197  15:58  Refinery  
  197  16:01  Refinery  
  194  16:23  Siege Tank x2  
  186  16:51  Marauder x2, Marine  
  186  16:52  Marine x5  
  186  16:54  Siege Tank  
  196  16:55  Siege Tank x2  
  185  17:09  Marine  
  185  17:10  Marine x5  
  185  17:12  Marauder  
  185  17:13  Marauder  
  192  17:26  Siege Tank  
  192  17:27  Marine x2, Siege Tank  
  183  17:58  Siege Tank  
  171  18:05  Siege Tank x2  
  171  18:09  Terran Infantry Weapons Level 3, Terran Infantry Armor Level 3  
  171  18:10  Terran Vehicle And Ship Armor Level 3, Terran Vehicle Weapons Level 3  
  174  18:20  Marauder x2  
  174  18:21  Marine x6  
  184  18:30  Siege Tank  
  187  18:37  Siege Tank  
  187  18:38  Marine, Siege Tank  
  187  18:39  Marine x5  
  199  18:52  Cloaking Field  
  199  18:55  Smart Servos  
  199  18:57  Drilling Claws  
  199  19:07  Planetary Fortress  
  199  19:08  Refinery  
  199  19:20  Refinery  
  199  19:24  Command Center  
  193  20:10  Marauder x2, Marine x3  
  198  20:31  Marauder  
  188  20:52  Marauder  
  180  21:14  Marauder  
Tags
 
Add a new tag
Caveats
  • Supply blocks, unpowered buildings, or Contaminate may cause inaccurate times.
  • Supply counts are checked every 10 seconds.